 Dungeon Crawl Stone Soup version 0.29-a0-97-g88c9fad16d (webtiles) character file.

Game seed: 18083964850203141689

61 siradein the Shooter (level 4, -4/40 HPs)
             Began as a Naga Hunter on Feb 14, 2022.
             Slain by a sky beast (5 damage)
             ... on level 3 of the Dungeon.
             The game lasted 00:09:16 (2903 turns).

siradein the Shooter (Naga Hunter)                  Turns: 2903, Time: 00:09:17

Health: -4/40      AC:  2    Str: 14    XL:     4   Next: 7%
Magic:  4/4        EV: 10    Int: 12    God:
Gold:   83         SH:  0    Dex: 13    Spells: 3/3 levels left

rFire   . . .      SeeInvis +   a - +1 shortbow
rCold   . . .      Faith    .   (shield currently unavailable)
rNeg    . . .      Spirit   .   c - +0 leather armour
rPois   +          Reflect  .   (no helmet)
rElec   .          Harm     .   (no cloak)
rCorr   .          Rampage  .   (no gloves)
Will    +....                   (no barding)
Stlth   ++........              (no amulet)
HPRegen 0.13/turn               p - ring of willpower
MPRegen 0.09/turn               (no ring)

@: very slow
A: AC +1, large, see invisible, deformed body, poison resistance, slowness 2,
spit poison 1, naga tail 1
a: Spit Poison


You were on level 3 of the Dungeon.
You visited 1 branch of the dungeon, and saw 3 of its levels.

You collected 107 gold pieces.
You spent 24 gold pieces at shops.

Inventory:

Hand Weapons
 a - a +1 shortbow (weapon)
 f - a +1 dagger of venom
Missiles
 d - 84 arrows (quivered ammo)
 h - 3 poisoned darts
Armour
 c - a +0 leather armour (worn)
Jewellery
 p - a ring of willpower (left hand)
Scrolls
 g - 2 scrolls of enchant weapon
 i - a scroll of immolation {unknown}
 j - 3 scrolls of teleportation {unknown}
 k - a scroll of fog {unknown}
 l - a scroll of amnesia {unknown}
 n - a scroll of blinking {unknown}
 q - a scroll of identify
Potions
 b - 2 potions of flight {unknown}
 e - a potion of resistance {unknown}
 m - a potion of invisibility {unknown}
 o - a potion of curing {unknown}
 r - a potion of degeneration {unknown}
 s - a potion of lignification {unknown}


   Skills:
 + Level 2.9 Fighting
 + Level 4.1 Bows
 + Level 0.0 Armour
 + Level 2.3 Dodging
 - Level 1.5 Stealth


You had 3 spell levels left.
You didn't know any spells.
Your spell library was empty.

Dungeon Overview and Level Annotations

Branches:
Dungeon (3/15)

Altars:

Shops:
D:1 (   D:2 ?   D:3 (


Innate Abilities, Weirdness & Mutations

Your serpentine skin is tough. (AC +1)
You have supernaturally acute eyesight. (SInv)
Armour fits poorly on your strangely shaped body.
Your system is resistant to poisons. (rPois)
You cover ground very slowly.
You can spit poison.
You have a snake-like lower body.


Message History

Found a barding.
A sky beast comes into view.
The sky beast moves out of view.
The sky beast flickers out of sight for a moment.
The sky beast hits you. The sky beast shocks you.
The sky beast hits you but does no damage.
You see here a +0 barding.
The sky beast barely misses you. The sky beast hits you.
The sky beast shocks you. The sky beast hits you. The sky beast shocks you.
Aiming: Spit Poison (1% risk of failure)
Press: ? - help, Shift-Dir - straight line, f - sky beast
Aim: a sky beast (slightly transparent, 45% to hit)
The splash of poison hits the sky beast but does no damage.
The sky beast is poisoned.
The sky beast hits you. The sky beast shocks you.
* * * LOW HITPOINT WARNING * * *
Unknown command.
Your +1 dagger of venom stops dripping with poison.
a - a +1 shortbow (weapon)
You are too injured to fight recklessly!
Fire: 86 arrows
Press: ? - help, Q - select action, (/) - cycle Shift-Dir - straight line, f/p - sky beast
Aim: a sky beast (lightly wounded, poisoned, 51% to hit)
You shoot an arrow. The arrow hits the sky beast!
The sky beast is moderately wounded.
The sky beast hits you.
* * * LOW HITPOINT WARNING * * *
The sky beast shocks you.
* * * LOW HITPOINT WARNING * * *
Fire: 85 arrows
Press: ? - help, Q - select action, (/) - cycle Shift-Dir - straight line, f/p - sky beast
Aim: a sky beast (rain, heavily wounded, poisoned, 51% to hit)
You shoot an arrow.
The arrow hits the sky beast but does no damage.
The sky beast is heavily wounded.
You have got your breath back.
The sky beast hits you.
* * * LOW HITPOINT WARNING * * *
The sky beast shocks you.
You die...

.########..# #.#..##.#.##.#
##..(####..# #.#..##.#.##.#
#.....#....# #.#..##.#.##.#
.......##..# #.#..##.#.##.#
.).∩...##..####.#..##.#.##.#
...................##.......
#†....###..####.§........
##...## #......§.....# #####
#.......@Y..[#
#.#####.|..........#
#########.# ##.....#######
..........# #######
###########


You could see a sky beast (poisoned).

Vanquished Creatures
  2 adders (D:2)
  4 endoplasms
  11 giant cockroaches (D:2)
  2 goblins
  5 hobgoblins
  2 jackals (D:2)
  3 bats
  6 frilled lizards
  2 kobolds
  3 rats
40 creatures vanquished.

Notes
Turn   | Place    | Note
-------+----------+-------------------------------------------
     0 | D:1      | siradein the Naga Hunter began the quest for the Orb.
     0 | D:1      | Reached XP level 1. HP: 19/19 MP: 1/1
   436 | D:1      | Found Xaironag's Antique Weapon Shop.
   561 | D:1      | Reached XP level 2. HP: 25/26 MP: 2/2
  1911 | D:2      | Found Lyahu's Magic Scroll Shoppe.
  1915 | D:2      | Bought a scroll of identify for 24 gold pieces
  2009 | D:2      | Reached XP level 3. HP: 31/33 MP: 3/3
  2100 | D:2      | Reached skill level 4 in Bows
  2438 | D:2      | Reached XP level 4. HP: 27/40 MP: 4/4
  2821 | D:3      | Found Culapn's Weapon Emporium.
  2892 | D:3      | Noticed a sky beast
  2902 | D:3      | HP: 2/40 [sky beast (5)]
  2903 | D:3      | Slain by a sky beast

Illustrated notes

Levels and vault maps discovered:
D:1:      dpeg_arrival_circle_labyrinth_c, layout_basic, serial_shops, shop,
          serial_co_window_serial, co_window_of_opportunity_a,
          co_window_cross_1, co_window_paths_b, co_window_corner_a,
          co_window_corner_a, co_window_corner_ca, co_window_corner_cb,
          co_window_of_opportunity_b, co_window_4corner_b, glass_columns_b,
          glass_columns_a, glass_columns_b, glass_columns_c, glass_columns_a
D:2:      minmay_roachtagon, layout_loops_ring, serial_shops, shop,
          minmay_box_of_dots
D:3:      layout_loops_ring, hellmonk_ecumenical_altar_arch_garden,
          serial_shops, nicolae_shop_bloodbath_and_beyond,
          ebering_dispersal_statue_hall, uniq_grinder

Skill      XL: |  1  2  3 |
---------------+----------+-----
Dodging        | 2 |  2.3
Bows           | 4 |  4.1
Fighting       | |  2.9
Stealth        | |  1.5

Action                   |  1- 3 |  4- 6 || total
-------------------------+-------+-------++-------
Melee: Dagger            |    71 |     6 ||    77
       Punch             |     1 |       ||     1
 Fire: Shortbow          |       |     2 ||     2
Throw: Dart              |     1 |       ||     1
 Abil: Spit Poison       |    20 |     6 ||    26
  Use: Scroll            |     1 |       ||     1
Armor: Leather armour    |    23 |     1 ||    24
Dodge: Dodged            |    38 |     6 ||    44

Table legend: (Time is in decaauts)
 A = Elapsed time spent in this place.
 B = Non-inter-level travel time spent in this place.
 C = Inter-level travel time spent in this place.
 D = Time resting spent in this place.
 E = Time spent auto-exploring this place.
 F = Levels seen in this place.
 G = Mean time per level.
                   A        B        C        D        E       F      G
               +--------+--------+--------+--------+--------+-----+--------+
         Total |   3773 |   3459 |    314 |      0 |   3115 |   3 | 1257.7 |
       Dungeon |   3773 |   3459 |    314 |      0 |   3115 |   3 | 1257.7 |
               +--------+--------+--------+--------+--------+-----+--------+

Top non-repeatable levels by time:
     D:1: 2159 daAuts
     D:2: 1403 daAuts
     D:3: 210 daAuts
